 Dungeon Crawl Stone Soup version 0.16.1-29-g3e760ad (webtiles) character file.

17773 Hipnos the Thaumaturge (level 12, -4/56 HPs)
             Began as a Spriggan Enchanter on June 6, 2015.
             Was a High Priest of Kikubaaqudgha.
             Slain by an orc warrior
             ... wielding a +0 scimitar
             ... led by an orc high priest
              (23 damage)
             ... on level 3 of the Orcish Mines.
             The game lasted 02:37:24 (16811 turns).

Hipnos the Thaumaturge (Spriggan Enchanter)        Turns: 16811, Time: 02:37:24

Health: -4/56      AC:  9    Str:  4    XL:     12   Next: 21%
Magic:  6/35       EV: 19    Int: 21    God:    Kikubaaqudgha [*****.]
Gold:   1422       SH:  0    Dex: 17    Spells: 9 memorised, 7 levels left

rFire  . . .     SeeInvis +     Y - +0 short sword (drain)
rCold  . . .     Clarity  .     G - +2 robe {Archmagi}
rNeg   . . .     SustAb   .     (shield restricted)
rPois  .         Gourm    .     v - +2 hat
rElec  .         Spirit   .     r - +2 cloak
rCorr  +         Warding  .     (gloves unavailable)
rMut   .         Stasis   .     (boots unavailable)
MR     +++..                    P - amulet of resist corrosion
Stlth  ++++++....               D - ring of protection from magic
                                Q - ring of wizardry

@: very quick, extremely resistant to hostile enchantments, very stealthy
A: unfitting armour, see invisible, herbivore 3, speed 3, slow metabolism 2
a: Receive Corpses, Torment, Renounce Religion


You were on level 3 of the Orcish Mines.
You worshipped Kikubaaqudgha.
Kikubaaqudgha was extremely pleased with you.
You were not hungry.

You visited 2 branches of the dungeon, and saw 15 of its levels.

You collected 1422 gold pieces.

Inventory:

Hand weapons
 x - a +1 dagger of electrocution
 L - a +4 dagger
 Y - a +0 short sword of draining (weapon)
Armour
 r - a +2 cloak (worn)
 v - a +2 hat (worn)
 A - a +0 robe of cold resistance
 G - a +2 robe of the Archmagi (worn)
Jewellery
 b - an uncursed ring of protection from cold
 e - an uncursed amulet of faith
 s - a +2 ring of intelligence
 D - a ring of protection from magic (right hand)
 H - an uncursed amulet of warding
 P - an amulet of resist corrosion (around neck)
 Q - a ring of wizardry (left hand)
 R - an uncursed ring of protection from fire
 V - an uncursed ring of stealth
Magical devices
 a - a wand of fireball (7)
 F - a wand of slowing (22)
 J - a wand of random effects (39)
Scrolls
 c - a scroll of identify
 g - a scroll of enchant armour
 i - a scroll of recharging
 m - 3 scrolls of amnesia
 t - a scroll of fog
 u - 2 scrolls of fear
 y - 6 scrolls of teleportation
 B - 3 scrolls of remove curse
 E - a scroll of torment
 N - 2 scrolls of blinking
 W - a scroll of enchant weapon {unknown}
Potions
 f - 3 potions of brilliance
 h - 3 potions of invisibility
 j - a potion of heal wounds
 l - a potion of haste {unknown}
 o - 2 potions of magic {unknown}
 p - 2 potions of agility {unknown}
 q - 3 potions of curing
 z - 2 potions of berserk rage {unknown}
 C - a potion of poison {unknown}
 I - 3 potions of restore abilities {unknown}
 K - a potion of might {unknown}
 M - a potion of flight {unknown}
Books
 k - a Young Poisoner's Handbook

   Spells                             Type                      Level
   a - Sting                          Conjuration/Poison           1
   b - Cure Poison                    Poison                       2
   c - Mephitic Cloud                 Conjuration/Poison/Air       3
   d - Olgreb's Toxic Radiance        Poison                       4
   e - Venom Bolt                     Conjuration/Poison           5
 n - Kikubaaqudgha's Reference Book on Evil Arts
   (Kikubaaqudgha gifted it to you on level 3 of the Dungeon)

   Spells                             Type                      Level
   a - Animate Skeleton               Necromancy                   1
   b - Corpse Rot                     Necromancy                   2
   c - Sublimation of Blood           Necromancy                   2
   d - Vampiric Draining              Necromancy                   3
   e - Control Undead                 Necromancy                   4
 w - Kikubaaqudgha's Compendium of Necromancy
   (Kikubaaqudgha gifted it to you on level 5 of the Dungeon)

   Spells                             Type                      Level
   a - Animate Dead                   Necromancy                   4
   b - Excruciating Wounds            Charms/Necromancy            5
   c - Cigotuvi's Embrace             Necromancy                   5
   d - Dispel Undead                  Necromancy                   5
   e - Death Channel                  Necromancy                   6
 O - a book of Fire

   Spells                             Type                      Level
   a - Ignite Poison                  Fire/Transmutation           5
   b - Fireball                       Conjuration/Fire             5
   c - Bolt of Fire                   Conjuration/Fire             6
   d - Delayed Fireball               Conjuration/Fire             7
   e - Ring of Flames                 Charms/Fire                  7
 S - a book of Conjurations

   Spells                             Type                      Level
   a - Magic Dart                     Conjuration                  1
   b - Searing Ray                    Conjuration                  2
   c - Dazzling Spray                 Conjuration/Hexes            3
   d - Fulminant Prism                Conjuration/Hexes            4
   e - Iskenderun's Mystic Blast      Conjuration                  4
   f - Iskenderun's Battlesphere      Conjuration/Charms           5
 T - a book of the Tempests

   Spells                             Type                      Level
   a - Static Discharge               Conjuration/Air              3
   b - Lightning Bolt                 Conjuration/Air              5
   c - Fireball                       Conjuration/Fire             5
   d - Tornado                        Air                          9
   e - Shatter                        Earth                        9
Comestibles
 d - 10 bread rations
 U - 6 fruits
 X - 2 royal jellies


   Skills:
 + Level 3.3 Fighting
 + Level 5.6 Short Blades
 - Level 3.4 Dodging
 - Level 12.0 Stealth
 + Level 12.5 Spellcasting
 - Level 7.2 Hexes
 * Level 11.8 Necromancy
 - Level 0.7 Ice Magic


You had 7 spell levels left.
You knew the following spells:

 Your Spells              Type           Power        Failure   Level  Hunger
a - Corona                Hex            ######.      1%          1    None
b - Ensorcelled Hibernat  Hex/Ice        #####.       1%          2    None
c - Confuse               Hex            ######..     1%          3    None
d - Animate Skeleton      Necr           N/A          1%          1    None
e - Enslavement           Hex            ######..     1%          4    None
f - Animate Dead          Necr           N/A          1%          4    None
g - Dispel Undead         Necr           #######.     1%          5    ####...
h - Death Channel         Necr           #######...   3%          6    #####..
i - Vampiric Draining     Necr           #######...   1%          3    None


Dungeon Overview and Level Annotations

Branches:
Dungeon (12/15)            Temple (0/1) D:5            Lair (0/8) D:8
    Orc (3/4) D:12
    Elf: Orc:3-4

Altars:
Dithmenos
Fedhas
Kikubaaqudgha
Makhleb
Okawaru
Qazlal
Vehumet
Yredelemnul
The Shining One

Shops:
D:12 *   Orc:1 *   Orc:3 *

Portals:
Sewer: D:3


Innate Abilities, Weirdness & Mutations

You are tiny and cannot use many weapons and most armour.
You have supernaturally acute eyesight.
You are a herbivore.
You cover ground extremely quickly.
You need consume almost no food.


Message History

Your spectral orc hits the orc warrior but does no damage.
Your orc zombie hits the orc warrior but does no damage.
The orc warrior closely misses your warg zombie.
The orc warrior hits your spectral orc with a hand axe!
The orc warrior hits your ogre zombie with a hand axe!
The orc warrior hits your orc warrior with a hand axe.
The orc warrior barely misses your spectral warg.
Your orc warrior hits the orc warrior with a scimitar.
Your spectral warg bites the orc warrior!
The orc warrior dies!
Kikubaaqudgha accepts your kill.
Casting: Animate Dead
Confirm with . or Enter, or press ? or * to list all spells.
You feel a surge of power!
You call on the dead to rise...
Nothing appears to happen.
You start resting.
The orc warrior is no longer charmed.
The orc warrior hits you with a scimitar!!
You die...
Kikubaaqudgha rasps: "You have failed me!
Welcome... death!"

......##......#..#####
.......##..........#.##
......####......#.#...#
<.Z...# #........#...####
.Z..#.# #...........#.#.##
Z...###.##.##....)....[..#
.)#......###....Z.)..)).##
.....##. ##.).ZZZ..#.###
....## #..#.....@Z.....#
.#...# ..........o....##
#.#.## #...........#.##
...## .#.###.......## ..##
. ##.....## ### #....### #
##...# ##.## ###


You could see an orc warrior, a friendly spectral warg, a friendly spectral orc,
a friendly warg zombie, a friendly orc zombie and a friendly ogre zombie.

Vanquished Creatures
  Urug (D:11)
  4 unseen horrors
  2 hill giants
  An orc sorcerer (Orc:1)
  An oklob plant (Orc:2)
  2 ugly things (D:12)
  Joseph (D:8)
  A yak (D:9)
  3 trolls
  A merfolk (D:9)
  2 two-headed ogres (D:9)
  2 wraiths
  A trapdoor spider (D:12)
  3 wyverns (D:9)
  3 hungry ghosts
  A hog (D:9)
  A hippogriff (D:9)
  A soldier ant (D:12)
  A warg (Orc:2)
  2 ice beasts
  10 orc warriors
  2 sky beasts
  2 phantoms
  9 black bears (D:9)
  4 centaurs
  5 ogres
  2 boring beetles (D:8)
  A crocodile (D:8)
  Duvessa (D:5)
  5 giant frogs
  A big kobold (D:10)
  Blork the orc (D:8)
  2 gnoll sergeants
  12 killer bees
  5 scorpions
  3 wights (D:6)
  4 electric eels (D:9)
  A troll skeleton (D:11)
  2 spriggan skeletons (D:11)
  3 giant frog zombies
  3 goliath beetles
  Dowan (D:5)
  2 gnoll shamans (D:9)
  A wasp zombie (D:8)
  4 crimson imps
  2 giant frog skeletons
  8 orc wizards
  4 hounds
  5 jellies
  5 orc priests
  A centaur skeleton (D:9)
  3 worker ants
  4 iguanas
  A killer bee zombie (D:9)
  3 sheep (D:9)
  Ijyb (D:5)
  A mummy (D:10)
  A hound skeleton (D:8)
  A hound zombie (D:12)
  Terence (D:3)
  7 gnolls
  8 adders
  A scorpion zombie (D:12)
  4 shadow imps
  A worm (D:4)
  A giant mite (D:3)
  An adder skeleton (D:4)
  An adder zombie (D:12)
  2 oozes
  63 orcs
  11 bats
  5 giant cockroaches
  18 goblins
  15 hobgoblins
  7 jackals
  22 kobolds
  3 quokkas
  A ball python (D:4)
  A giant cockroach zombie (D:5)
  3 giant geckos
  2 giant newts
  2 orc zombies (D:12)
  13 rats
  2 plants (D:9)
355 creatures vanquished.

Vanquished Creatures (collateral kills)
  An orc high priest (Orc:3)
  A gargoyle (D:12)
  2 two-headed ogres
  A harpy skeleton (D:11)
  2 yaks (D:9)
  A hungry ghost (D:11)
  2 wargs
  4 orc warriors
  2 black bears (D:9)
  A water moccasin (D:6)
  4 killer bees
  An ice beast (D:11)
  3 ogres
  A boring beetle (D:8)
  2 centaurs
  7 orc priests
  A wight (D:6)
  A giant frog zombie (D:11)
  A hound (D:5)
  2 gnoll shamans (D:9)
  A jelly (D:6)
  2 worker ants (D:10)
  7 orc wizards
  2 gnolls (D:10)
  An adder (D:5)
  A shadow imp (D:6)
  A giant mite (D:4)
  2 giant geckos
  55 orcs
  3 hobgoblins
  A quokka (D:5)
  2 bats
  A giant cockroach (D:4)
  A giant spore (D:6)
  2 goblins
  2 kobolds
  A rat (D:3)
  A ballistomycete (D:6)
  4 plants (D:9)
130 creatures vanquished.

Vanquished Creatures (others)
  An ugly thing (D:12)
  An ugly thing zombie (D:12)
  A two-headed ogre (D:9)
  A troll (D:9)
  2 ogres
  An orc warrior (D:12)
  3 yak zombies (D:9)
  A killer bee (D:11)
  3 giant frog zombies
  2 black bear zombies (D:9)
  2 boring beetle zombies (D:8)
  A two-headed ogre zombie (D:10)
  A human zombie (D:8)
  A centaur zombie (D:8)
  2 orc priests
  2 orc wizards
  A sheep (D:9)
  2 killer bee zombies
  3 ogre zombies
  A big kobold zombie (D:10)
  An ogre skeleton (D:11)
  A hound zombie (D:10)
  A worker ant zombie (D:10)
  A scorpion zombie (D:12)
  A goliath beetle zombie (D:9)
  An adder zombie (D:10)
  2 electric eel zombies (D:9)
  2 gnoll zombies
  A sheep zombie (D:9)
  An iguana zombie (D:10)
  7 orcs
  A bat skeleton (D:4)
  2 gnoll skeletons (D:5)
  2 goblin skeletons (D:4)
  A hobgoblin skeleton (D:5)
  2 hobgoblin zombies
  2 kobold skeletons (D:4)
  3 kobold zombies
  5 orc skeletons (D:4)
  27 orc zombies
  2 quokka zombies
  2 rat skeletons (D:4)
100 creatures vanquished.

Grand Total: 585 creatures vanquished

Notes
Turn   | Place    | Note
--------------------------------------------------------------
     0 | D:1      | Hipnos, the Spriggan Enchanter, began the quest for the Orb.
     0 | D:1      | Reached XP level 1. HP: 9/9 MP: 4/4
   238 | D:1      | Reached XP level 2. HP: 5/13 MP: 5/7
   244 | D:1      | Learned a level 2 spell: Ensorcelled Hibernation
   502 | D:1      | Reached skill level 5 in Stealth
  1246 | D:2      | Found an ancient bone altar of Kikubaaqudgha.
  1251 | D:2      | Reached XP level 3. HP: 16/16 MP: 7/9
  1253 | D:2      | Became a worshipper of Kikubaaqudgha
  1847 | D:2      | Found a burning altar of Makhleb.
  1850 | D:2      | Reached skill level 6 in Stealth
  1850 | D:2      | Reached XP level 4. HP: 21/21 MP: 10/13
  1986 | D:2      | Learned a level 3 spell: Confuse
  2165 | D:3      | Found a glowing drain.
  2270 | D:3      | Found a radiant altar of Vehumet.
  2278 | D:3      | Noticed Terence
  2293 | D:3      | Killed Terence
  2293 | D:3      | Acquired Kikubaaqudgha's first power
  2293 | D:3      | Received a gift from Kikubaaqudgha
  2307 | D:3      | Identified Kikubaaqudgha's Reference Book on Evil Arts (Kikubaaqudgha gifted it to you on level 3 of the Dungeon)
  2370 | D:3      | Learned a level 1 spell: Animate Skeleton
  2419 | D:3      | Found a blossoming altar of Fedhas.
  2423 | D:3      | Noticed Ijyb
  2866 | D:4      | Reached skill level 1 in Necromancy
  2999 | D:4      | Noticed an ogre
  3006 | D:5      | Entered Level 5 of the Dungeon
  3200 | D:4      | Reached XP level 5. HP: 24/24 MP: 13/16
  3843 | D:4      | Found a glowing golden altar of the Shining One.
  3884 | D:4      | Reached skill level 5 in Hexes
  4234 | D:4      | Acquired Kikubaaqudgha's second power
  4234 | D:4      | Reached XP level 6. HP: 28/28 MP: 12/20
  4727 | D:5      | Found a staircase to the Ecumenical Temple.
  4771 | D:5      | Noticed Dowan
  4776 | D:5      | Reached skill level 7 in Stealth
  4782 | D:5      | Learned a level 4 spell: Enslavement
  4782 | D:5      | Noticed Duvessa
  5495 | D:5      | Noticed a centaur
  5501 | D:5      | Killed a centaur
  5501 | D:5      | Reached skill level 5 in Spellcasting
  5501 | D:5      | Reached XP level 7. HP: 32/32 MP: 20/22
  5558 | D:5      | Noticed an ice beast
  5571 | D:5      | Killed an ice beast
  5669 | D:5      | Killed Dowan
  5681 | D:5      | Killed Duvessa
  5681 | D:5      | Reached skill level 8 in Stealth
  5849 | D:5      | Received a gift from Kikubaaqudgha
  5852 | D:5      | Identified Kikubaaqudgha's Compendium of Necromancy (Kikubaaqudgha gifted it to you on level 5 of the Dungeon)
  5868 | D:5      | Learned a level 4 spell: Animate Dead
  6114 | D:5      | Killed Ijyb
  6639 | D:6      | Found an iron altar of Okawaru.
  6741 | D:6      | Reached XP level 8. HP: 36/36 MP: 19/25
  6743 | D:6      | Reached skill level 9 in Stealth
  6897 | D:6      | Found a shadowy altar of Dithmenos.
  7577 | D:7      | Reached skill level 10 in Stealth
  7631 | D:7      | Acquired Kikubaaqudgha's third power
  7652 | D:7      | Reached XP level 9. HP: 37/40 MP: 25/28
  8193 | D:8      | Reached skill level 5 in Necromancy
  8304 | D:8      | Found a staircase to the Lair.
  8306 | D:8      | Reached skill level 11 in Stealth
  8645 | D:8      | Noticed Blork the orc
  8647 | D:8      | Killed Blork the orc
  8731 | D:8      | Found a stormy altar of Qazlal.
  8794 | D:8      | Noticed Joseph
  8809 | D:8      | Killed Joseph
  8967 | D:8      | Your ally Blork died
  9265 | D:8      | Your ally Joseph died
  9429 | D:8      | Acquired Kikubaaqudgha's fourth power
  9506 | D:9      | Learned a level 5 spell: Dispel Undead
  9522 | D:9      | Reached skill level 1 in Fighting
  9763 | D:9      | Found a basalt altar of Yredelemnul.
  9770 | D:9      | Reached skill level 12 in Stealth
  9770 | D:9      | Reached XP level 10. HP: 45/45 MP: 29/31
 10599 | D:9      | Learned a level 6 spell: Death Channel
 11962 | D:10     | Entered Level 10 of the Dungeon
 11989 | D:10     | Noticed an unseen horror
 11995 | D:10     | Killed an unseen horror
 11995 | D:10     | Reached XP level 11. HP: 46/51 MP: 17/32
 12002 | D:10     | Reached skill level 10 in Spellcasting
 12058 | D:10     | Reached skill level 10 in Necromancy
 12617 | D:10     | Noticed a hill giant
 12620 | D:10     | Killed a hill giant
 12725 | D:11     | Reached skill level 5 in Short Blades
 12745 | D:11     | Noticed Urug
 12753 | D:11     | Killed Urug
 13400 | D:11     | Found a runed door.
 13400 | D:11     | Noticed an unseen horror
 13411 | D:11     | Killed an unseen horror
 13681 | D:12     | Found a basalt altar of Yredelemnul.
 14059 | D:12     | Found Lieptoik's General Store.
 14114 | D:12     | Noticed an unseen horror
 14115 | D:12     | Killed an unseen horror
 14333 | D:12     | Noticed a hill giant
 14363 | D:12     | Killed a hill giant
 14674 | D:12     | Learned a level 3 spell: Vampiric Draining
 14723 | D:12     | Noticed an unseen horror
 14730 | D:12     | Killed an unseen horror
 14746 | D:12     | Reached XP level 12. HP: 31/56 MP: 16/35
 14787 | D:12     | Found a staircase to the Orcish Mines.
 15021 | Orc:1    | Entered Level 1 of the Orcish Mines
 15076 | Orc:1    | Found Cydy's Assorted Antiques.
 16634 | Orc:3    | Found Ceanil's General Store.
 16811 | Orc:3    | Slain by an orc warrior

Action                   |  1- 3 |  4- 6 |  7- 9 | 10-12 || total
-------------------------+-------+-------+-------+-------++-------
Melee: Dagger            |    89 |   193 |   247 |   315 ||   844
       Short sword       |       |       |       |   228 ||   228
 Cast: Corona            |     3 |       |     1 |       ||     4
       Ensorcelled Hiber |    25 |    49 |    34 |    74 ||   182
       Confuse           |       |    17 |    14 |    26 ||    57
       Animate Skeleton  |       |    20 |     2 |     4 ||    26
       Animate Dead      |       |       |    31 |    62 ||    93
       Enslavement       |       |       |     7 |    46 ||    53
       Dispel Undead     |       |       |     1 |    11 ||    12
       Death Channel     |       |       |       |    15 ||    15
Invok: Receive Corpses   |       |       |     1 |       ||     1
  Use: Scroll            |       |    12 |     4 |    10 ||    26
       Potion            |       |       |     1 |     3 ||     4
 Stab: Sleeping          |    26 |    31 |    43 |    77 ||   177
       Confused          |       |     5 |     8 |    12 ||    25
       Distracted        |       |     1 |     4 |     3 ||     8
  Eat: Bread ration      |       |     2 |     1 |     1 ||     4
       Fruit             |       |       |       |     4 ||     4
       Royal jelly       |       |       |       |     2 ||     2
